 Dungeon Crawl Stone Soup version 0.19-a0-1700-g86d965a (webtiles) character file.

131 pokedragonboy the Magician (level 4, -6/36 HPs)
             Began as a Basajaun Wizard on Sept 27, 2016.
             Killed from afar by an orc wizard (9 damage)
             ... with a magic dart
             ... on level 3 of the Dungeon.
             The game lasted 00:10:34 (2150 turns).

pokedragonboy the Magician (Basajaun Wizard)        Turns: 2150, Time: 00:10:34

Health: -6/36      AC:  3    Str:  9    XL:     4   Next: 91%
Magic:  2/20       EV: 10    Int: 21    God:
Gold:   74         SH:  0    Dex:  8    Spells: 5 memorised, 2 levels left

rFire  . . .     SeeInvis .     (no weapon)
rCold  . . .     Gourm    .     a - +0 robe
rNeg   . . .     Faith    .     (no shield)
rPois  .         Spirit   .     b - +0 hat
rElec  .         Dismiss  .     (no cloak)
rCorr  .         Reflect  .     (gloves unavailable)
MR     .....     Harm     .     (boots unavailable)
Stlth  +.........               (no amulet)
                                (no ring)
                                h - ring of magical power

@: slowed, repel missiles, very slow
A: unfitting armour
a: no special abilities


You were on level 3 of the Dungeon.
You were hungry.

You visited 1 branch of the dungeon, and saw 3 of its levels.

You collected 74 gold pieces.

Inventory:

Hand Weapons
 k - a +2 dagger of venom
Armour
 a - a +0 robe (worn)
 b - a +0 hat (worn)
Jewellery
 h - a ring of magical power (left hand)
Scrolls
 e - 2 scrolls of magic mapping
 i - a scroll of fear
Potions
 l - a potion of cancellation {unknown}
Books
 c - a book of Minor Magic

   Spells                             Type                      Level
   a - Magic Dart                     Conjuration                  1
   b - Blink                          Translocation                2
   c - Call Imp                       Summoning                    2
   d - Repel Missiles                 Charms/Air                   2
   e - Slow                           Hexes                        2
   f - Conjure Flame                  Conjuration/Fire             3
   g - Mephitic Cloud                 Conjuration/Poison/Air       3
Comestibles
 d - a bread ration
 f - 4 meat rations
 g - a slice of pizza


   Skills:
 + Level 2.4 Dodging
 - Level 1.7 Stealth
 + Level 4.7 Spellcasting
 * Level 2.9 Conjurations
 - Level 1.0 Summonings
 - Level 1.0 Translocations
 + Level 0.8 Fire Magic


You had 2 spell levels left.
You knew the following spells:

 Your Spells              Type           Power        Failure   Level  Hunger
a - Magic Dart            Conj           ###.         3%          1    None
b - Blink                 Tloc           N/A          12%         2    #......
c - Call Imp              Summ           #.......     12%         2    #......
d - Repel Missiles        Chrm/Air       #.....       17%         2    #......
e - Conjure Flame         Conj/Fire      ##......     17%         3    ##.....


Dungeon Overview and Level Annotations

Branches:
Dungeon (3/15)

Altars:


Message History

The orc wizard is severely wounded.
The orc wizard hits you with a dagger. x2
* * * LOW HITPOINT WARNING * * *
The orc wizard barely misses you.
You hit the orc wizard.
The orc wizard is almost dead.
The orc wizard looks satisfied for a moment.
The orc wizard hits you with a dagger.
* * * LOW HITPOINT WARNING * * *
You barely miss the orc wizard.
The orc wizard is almost dead.
The orc wizard casts a spell at you. The puff of flame hits you!
* * * LOW HITPOINT WARNING * * *
The orc wizard begins to cast a cantrip, but forgets the words!
You hit the orc wizard but do no damage.
The orc wizard is almost dead.
The orc wizard casts a spell at you. The magic dart hits you!
You die...

#.# #.# #### #.#
...#######.# #
........##.###### #.
#.........†...<#
#..##..###.##.######
#......###)##.#
#......†.o@##.#
######.######.#
...$....># #.#
#######..# #.# #o.#
#.# #..# #.# #..#
#o.# #.o#


You could see an orc wizard.

Vanquished Creatures
  An orc wizard (D:3)
  An orc priest (D:3)
  3 adders
  2 worms (D:2)
  A dart slug (D:1)
  2 leopard geckos (D:1)
  An orc (D:3)
  A giant cockroach (D:2)
  4 hobgoblins
  A quokka (D:2)
  7 bats
  5 frilled lizards
  A goblin (D:2)
  8 kobolds
  4 rats
42 creatures vanquished.

Notes
Turn   | Place    | Note
-------+----------+-------------------------------------------
     0 | D:1      | pokedragonboy the Basajaun Wizard began the quest for the Orb.
     0 | D:1      | Reached XP level 1. HP: 15/15 MP: 6/6
   228 | D:1      | Reached skill level 4 in Spellcasting
   255 | D:1      | Reached XP level 2. HP: 22/22 MP: 8/8
   408 | D:1      | Learned a level 2 spell: Blink
   411 | D:1      | Learned a level 2 spell: Call Imp
   414 | D:1      | Learned a level 2 spell: Repel Missiles
   903 | D:2      | Reached XP level 3. HP: 20/28 MP: 9/9
  1668 | D:2      | Learned a level 3 spell: Conjure Flame
  1907 | D:3      | Reached XP level 4. HP: 31/36 MP: 11/11
  2150 | D:3      | Killed from afar by an orc wizard

Vault maps used:
D:1:      dpeg_arrival_tiny_k

Skill      XL: |  1  2  3 |
---------------+----------+-----
Spellcasting   | 4 |  4.7
Dodging        | 2 |  2.4
Conjurations   | 2 |  2.9
Stealth        | |  1.7
Summonings     | |  1.0
Translocations | |  1.0
Fire Magic     | |  0.8

Action                   |  1- 3 |  4- 6 || total
-------------------------+-------+-------++-------
Melee: Unarmed           |     1 |     5 ||     6
 Cast: Magic Dart        |   111 |    26 ||   137
       Repel Missiles    |     1 |       ||     1
  Use: Scroll            |     6 |       ||     6
  Eat: Chunk             |     3 |       ||     3
Armor: Robe              |     6 |     4 ||    10
Dodge: Dodged            |    17 |    15 ||    32
       Deflected         |     2 |     1 ||     3
